 Dungeon Crawl Stone Soup version 0.21-a0-450-gd87a9b2 (webtiles) character file.

720 mortelune the Skirmisher (level 7, -1/46 HPs)
             Began as a Gargoyle Fighter on Nov 20, 2017.
             Slain by an orc warrior
             ... wielding a +0 glaive
              (3 damage)
             ... on level 5 of the Dungeon.
             The game lasted 00:13:55 (4087 turns).

mortelune the Skirmisher (Gargoyle Fighter)         Turns: 4087, Time: 00:13:55

Health: -1/46      AC: 15    Str: 26    XL:     7   Next: 70%
Magic:  7/7        EV:  7    Int: 12    God:
Gold:   109        SH:  9    Dex:  9    Spells: 6/6 levels left

rFire    . . .     SeeInvis +   a - +0 flail
rCold    . . .     Gourm    .   c - +0 shield
rNeg     + . .     Faith    .   b - +0 scale mail
rPois    ∞         Spirit   .   w - +0 helmet
rElec    +         Reflect  .   h - scarf {repulsion}
rCorr    .         Harm     .   (no gloves)
MR       .....                  p - +0 pair of boots
Stlth    ..........             (no amulet)
HPRegen  0.15/turn              y - +3 ring of intelligence
MPRegen  0.10/turn              x - ring of see invisible

@: mighty, repel missiles
A: negative energy resistance 1, electricity resistance, unbreathing,
petrification resistance, rot immunity, AC +4
a: no special abilities


You were on level 5 of the Dungeon.
You were hungry.

You visited 1 branch of the dungeon, and saw 5 of its levels.
You also visited: Sewer.

You collected 109 gold pieces.

Inventory:

Hand Weapons
 a - a +0 flail (weapon)
Armour
 b - a +0 scale mail (worn)
 c - a +0 shield (worn)
 h - a scarf of repulsion (worn)
 p - a +0 pair of boots (worn)
 r - a +0 cloak
 s - a +0 hat
 w - a +0 helmet (worn)
Jewellery
 q - an uncursed ring of stealth
 x - a ring of see invisible (right hand)
 y - a +3 ring of intelligence (left hand)
Wands
 l - a wand of polymorph (6/24)
Scrolls
 g - 2 scrolls of identify {unknown}
 k - a scroll of remove curse {unknown}
 n - a scroll of immolation {unknown}
 t - a scroll of teleportation {unknown}
 v - a scroll of amnesia {unknown}
Potions
 e - 3 potions of brilliance {unknown}
 i - 3 potions of flight
 m - 3 potions of curing {unknown}
 o - a potion of agility {unknown}
 u - a potion of degeneration {unknown}
Comestibles
 f - 2 bread rations
 j - 2 royal jellies
 z - a fruit


   Skills:
 + Level 6.1 Fighting
 + Level 5.1 Maces & Flails
 + Level 6.1 Armour
 - Level 3.2 Shields


You had 6 spell levels left.
You didn't know any spells.

Dungeon Overview and Level Annotations

Branches:
Dungeon (5/15)
 Temple: D:4-7

Altars:
Fedhas
Nemelex Xobeh
Trog

Annotations:
D:3 Sigmund


Innate Abilities, Weirdness & Mutations

You are resistant to torment.
Your stone body is resilient. (AC +4)
You are immune to poison.
You resist negative energy. (rN+)
You are resistant to electric shocks. (rElec)
You can survive without breathing.
You are immune to petrification.
You are immune to rotting.


Message History

A rat comes into view.
You thump the rat!
You kill the rat!
The orc warrior hits you from afar with a glaive.
The orc warrior throws a stone.
You block the stone.
You see here a stone.
The orc warrior hits you from afar with a glaive!
* * * LOW HITPOINT WARNING * * *
Okay, then.
The orc warrior throws a stone.
The stone hits you but does no damage.
You see here a stone.
A river rat comes into view.
The orc warrior throws a stone.
You block the stone.
You see here a stone.
You bludgeon the river rat!!
You kill the river rat!
A rat comes into view.
The orc warrior throws a stone.
You block the stone.
The orc warrior hits you from afar with a glaive.
You die...

###.....## # ##.....<.#
. #........# #.
##[......# #.#
#......... ##.###
###.....## #.#...
###### #.......
#...###÷.#.## ###.....
#...r.@##.#.######.####
#..##.##.###.#.......#
# #.#.o## ##.##.###.# #
..####.## ####.# #.#
.r## ###o# #.. ..# ...
#.(## #.##### ..
#oo)### #.# . #o## #..
rr #.#


You could see an orc warrior and a rat.

Vanquished Creatures
  Duvessa (D:4)
  An ogre (D:4)
  A big kobold (Sewer)
  Dowan (D:4)
  A howler monkey (D:4)
  A jelly (D:5)
  An orc priest (D:4)
  3 orc wizards
  A worker ant (D:4)
  6 adders
  3 river rats
  An adder skeleton (D:4)
  3 worms
  2 dart slugs
  5 leopard geckos
  10 orcs
  8 giant cockroaches
  11 goblins
  7 hobgoblins
  2 jackals (Sewer)
  2 quokkas (D:5)
  A ball python (D:2)
  6 bats
  10 kobolds
  A leopard gecko skeleton (D:4)
  21 rats
110 creatures vanquished.

Notes
Turn   | Place    | Note
-------+----------+-------------------------------------------
     0 | D:1      | mortelune the Gargoyle Fighter began the quest for the Orb.
     0 | D:1      | Reached XP level 1. HP: 14/14 MP: 1/1
    77 | D:1      | Reached XP level 2. HP: 19/19 MP: 2/2
   397 | D:1      | Reached XP level 3. HP: 24/24 MP: 3/3
   870 | D:2      | Reached XP level 4. HP: 26/29 MP: 4/4
  1348 | D:2      | Found a faded altar of an unknown god.
  1790 | D:3      | Reached XP level 5. HP: 30/34 MP: 5/5
  1811 | D:3      | Found a glowing drain.
  1835 | Sewer    | Entered a sewer
  1886 | Sewer    | Noticed a big kobold
  1973 | Sewer    | Killed a big kobold
  2095 | Sewer    | Found a white marble altar of Elyvilon.
  2419 | D:3      | Reached XP level 6. HP: 40/40 MP: 6/6
  2427 | D:3      | Reached skill level 5 in Fighting
  2427 | D:3      | Reached skill level 5 in Armour
  2474 | D:3      | Found a sparkling altar of Nemelex Xobeh.
  2645 | D:3      | Noticed Sigmund
  2939 | D:4      | Found a blossoming altar of Fedhas.
  3118 | D:4      | Noticed Dowan
  3131 | D:4      | Reached XP level 7. HP: 10/44 MP: 7/7
  3445 | D:4      | Noticed Duvessa
  3464 | D:4      | Killed Duvessa
  3469 | D:4      | Killed Dowan
  3764 | D:5      | Entered Level 5 of the Dungeon
  3799 | D:5      | Found a bloodstained altar of Trog.
  3851 | D:5      | Reached skill level 5 in Maces & Flails
  4077 | D:5      | HP: 1/46 [orc warrior/glaive (17)]
  4087 | D:5      | Slain by an orc warrior

Vault maps used:
D:1:      saegor_arrival_simple_c, minmay_pentomino_u2
D:2:      serial_forest, infiniplex_forest_clump_small,
          infiniplex_forest_clump_double, infiniplex_forest_end_1,
          infiniplex_forest_clump_diagonal, infiniplex_forest_corner_2,
          infiniplex_forest_clump_tiny, infiniplex_forest_end_1,
          infiniplex_forest_lined_1, infiniplex_forest_lined_2,
          chequers_ecumenical_altar_simple_redux
D:3:      nicolae_overflow_crystal_walls, gup_sewer_entry_bowl, serial_glass,
          glass_columns_a, glass_columns_c, glass_columns_b, glass_columns_a,
          glass_columns_a, glass_columns_a, glass_columns_c, glass_columns_c,
          glass_columns_a, glass_columns_c, glass_columns_c, glass_columns_a,
          glass_columns_c, glass_columns_b, first_bread,
          kennysheep_generic_room_7, uniq_sigmund
D:4:      kennysheep_mini, hangedman_decor_points, nrook_loot_triangle,
          minmay_surrounded, uniq_duvessa
D:5:      lemuel_ratsnest, nicolae_tso_besieged_by_evil, lemuel_round_altar,
          uniq_ijyb
Sewer:    sewer_kobolds

Skill      XL: |  1  2  3  4  5  6  7 |
---------------+----------------------+-----
Fighting       | 4 5 6 |  6.1
Armour         | 4 5 6 |  6.1
Maces & Flails | 3 4 5 |  5.1
Shields        | |  3.2

Action                   |  1- 3 |  4- 6 |  7- 9 || total
-------------------------+-------+-------+-------++-------
Melee: Flail             |   115 |   256 |    90 ||   461
  Use: Scroll            |       |     1 |       ||     1
       Potion            |       |     2 |     1 ||     3
  Eat: Chunk             |       |     3 |     3 ||     6
       Bread ration      |       |     1 |       ||     1
Armor: Scale mail        |    61 |   140 |    31 ||   232
Dodge: Dodged            |    30 |    68 |    27 ||   125
       Deflected         |       |     6 |     1 ||     7
Block: Shield            |    56 |   110 |    35 ||   201

Table legend:
 A = Spawn XP
 B = Non-spawn XP
 C = Spawn XP percentage of total XP
 D = Spawn monster count
 E = Non-spawn monster count
 F = Spawn count percentage of total count
 G = Total turns spent on level
                    A         B        C        D         E        F      G
               +---------+---------+-------+---------+---------+-------+---------
         Total |       0 |    1029 |   0.0 |       0 |     110 |   0.0 |  4087
               +---------+---------+-------+---------+---------+-------+---------
           D:1 |       0 |      37 |   0.0 |       0 |      20 |   0.0 |   485
           D:2 |       0 |     100 |   0.0 |       0 |      24 |   0.0 |  1217
           D:3 |       0 |     136 |   0.0 |       0 |      21 |   0.0 |   545
           D:4 |       0 |     534 |   0.0 |       0 |      15 |   0.0 |  1110
           D:5 |       0 |     106 |   0.0 |       0 |      19 |   0.0 |   323
         Sewer |       0 |     116 |   0.0 |       0 |      11 |   0.0 |   407
               +---------+---------+-------+---------+---------+-------+---------
